AoeStats
← 只会打步弓

Fortress

509896374Analyzed
4v4 RM · 4d ago on Sep 28, 2026· 41m 40s· 8 players
Game mode
Random Map
Map size
Huge
Population
200
Speed
Normal
Resources
Standard
Victory
Conquest
Starting age
Dark Age
Ending age
Imperial Age
RankedLock teamsTeams togetherTeam positionsShared explorationLock speedFull tech treeHidden civsTurbo modeCheats
Victory
Defeat
🇨🇳 Spanish · China
1603
+13
🇨🇳 Huns · China
1590
+13
🇨🇳 Persians · China
1572
+14
🇨🇳 Bohemians · China
1558
+14
🇨🇳 Wu · China
1651
-18
1514
-13
🇦🇷 Turks · Argentina
1482
-12
🇩🇪 Danes · Germany
1456
-11
VuLtrox y los chavales
6:54 Feudal Age
7:52 Double-Bit Axe
15:58 Loom
18:13 Wheelbarrow
20:28 Castle Age
20:16 Horse Collar
20:28 Gold Mining
21:06 Bloodlines
23:43 Imperial Age
21:30 Bow Saw
22:32 Bloodlines
22:56 Forging
23:31 Gold Shaft Mining
23:23 Heavy Plow
24:53 Hand Cart
24:47 Town Watch
25:44 Ballistics
27:12 Two-Man Saw
27:37 Chemistry
28:00 Fletching
28:10 Padded Archer Armor
28:47 Masonry
29:33 Crop Rotation
29:35 Parthian Tactics
28:58 Crossbowman
29:46 Thumb Ring
29:38 Bodkin Arrow
29:58 Leather Archer Armor
30:50 Onager
34:09 Ring Archer Armor
34:03 Caravan
36:37 Siege Onager
37:48 Elite Steppe Lancer
39:09 Iron Casting
38:39 Scale Barding Armor
39:55 Steppe Husbandry
41:03 Chain Barding Armor
41:11 Conscription
42:21 Plate Barding Armor
软脚虾3号
6:51 Feudal Age
10:33 Castle Age
8:36 Double-Bit Axe
9:08 Horse Collar
11:27 Bow Saw
11:33 Heavy Plow
19:19 Wheelbarrow
19:56 Loom
20:09 Gold Mining
20:56 Stone Mining
24:29 Imperial Age
22:30 Hand Cart
22:00 Town Watch
22:31 Fletching
23:06 Squires
22:51 Arson
23:56 Bodkin Arrow
24:02 Padded Archer Armor
24:30 Ballistics
24:40 Thumb Ring
25:26 Gold Shaft Mining
25:11 Bracer
24:56 Cranequins
26:09 Leather Archer Armor
26:45 Conscription
26:47 Scale Mail Armor
27:02 Forging
27:10 Bloodlines
27:04 Husbandry
27:16 Bloodlines
27:10 Hamask
28:39 Chain Mail Armor
29:01 Iron Casting
28:47 Elite Jomsviking
30:15 Plate Mail Armor
31:26 Chemistry
31:40 Ring Archer Armor
32:30 Blast Furnace
35:20 Hoardings
37:16 Siege Engineers
pela
8:06 Feudal Age
9:09 Loom
12:13 Castle Age
10:34 Double-Bit Axe
10:30 Horse Collar
10:42 Horse Collar
14:33 Padded Archer Armor
22:59 Imperial Age
22:03 Leather Archer Armor
24:54 Fletching
34:33 Bloodlines
34:23 Husbandry
37:22 Scale Barding Armor
37:27 Forging
39:53 Chain Barding Armor
39:43 Forging
tim.13
7:35 Feudal Age
11:25 Castle Age
9:15 Double-Bit Axe
9:51 Horse Collar
10:32 Scale Mail Armor
11:22 Forging
12:08 Wheelbarrow
12:35 Chain Mail Armor
14:46 Loom
17:08 Squires
25:06 Bow Saw
24:49 Gold Mining
25:27 Forging
25:27 Arson
29:21 Gold Shaft Mining
31:47 Pikeman
34:13 Iron Casting
38:04 Town Watch
39:14 Scale Barding Armor
42:17 Imperial Age
40:58 Bloodlines
40:48 Husbandry
41:10 Chain Barding Armor
40:23 Light Cavalry
LUCKY
10:02 Feudal Age
11:12 Double-Bit Axe
13:59 Castle Age
11:58 Horse Collar
14:50 Bow Saw
15:17 Heavy Plow
16:33 Wheelbarrow
17:46 Loom
18:46 Town Watch
22:26 Gold Mining
22:26 Stone Mining
25:43 Hand Cart
30:18 Imperial Age
28:34 Gold Shaft Mining
28:23 Scale Barding Armor
28:29 Forging
30:32 Chain Barding Armor
30:48 Iron Casting
30:46 Coinage
30:35 Bloodlines
30:25 Husbandry
29:46 Light Cavalry
30:30 Marauders
30:43 Caravan
30:44 Elite Tarkan
31:46 Conscription
33:35 Two-Man Saw
34:36 Plate Barding Armor
35:02 Blast Furnace
37:32 Banking
36:55 Fletching
38:18 Bodkin Arrow
LY006
8:26 Feudal Age
9:31 Double-Bit Axe
12:08 Castle Age
10:09 Gold Mining
10:27 Gold Mining
11:02 Padded Archer Armor
13:08 Bow Saw
13:34 Padded Archer Armor
13:24 Horse Collar
16:08 Leather Archer Armor
18:17 Loom
26:19 Imperial Age
28:08 Caravan
28:56 Thumb Ring
28:45 Fletching
29:13 Elite Skirmisher
29:52 Bodkin Arrow
30:29 Ring Archer Armor
30:47 Bracer
31:41 Ballistics
33:35 Chemistry
35:11 Bombard Tower
35:18 Supremacy
35:32 Masonry
37:43 Heavy Mounted Crossbowman
41:18 Conscription
40:59 Inquisition
42:28 Coinage
42:09 Guilds
只会打步弓
6:55 Feudal Age
11:07 Castle Age
9:47 Double-Bit Axe
9:44 Horse Collar
12:05 Bow Saw
12:56 Fervor
12:55 Loom
24:22 Wheelbarrow
28:36 Imperial Age
26:43 Hand Cart
26:58 Town Watch
27:27 Heavy Plow
32:07 Chemistry
31:28 Ballistics
32:31 Fletching
33:24 Conscription
33:11 Wagenburg Tactics
34:42 Two-Man Saw
34:40 Bodkin Arrow
34:52 Siege Engineers
34:58 Elite Hussite Wagon
36:50 Bracer
40:04 Houfnice
41:22 Padded Archer Armor
小胖子
6:42 Feudal Age
10:25 Castle Age
8:51 Double-Bit Axe
9:03 Horse Collar
18:34 Wheelbarrow
23:07 Imperial Age
21:31 Scale Barding Armor
22:09 Heavy Plow
22:29 Bow Saw
22:43 Bloodlines
22:53 Cavalier
23:54 Chain Barding Armor
24:12 Savar
25:15 Husbandry
27:15 Plate Barding Armor
27:22 Forging
28:35 Conscription
28:08 Gold Mining
29:59 Iron Casting
30:38 Coinage
30:46 Loom
31:16 Hand Cart
30:47 Town Watch
31:41 Gold Shaft Mining
32:33 Blast Furnace
31:42 Caravan
32:15 Town Patrol
33:55 Banking
33:38 Fletching
37:31 Stone Mining
Connection lost

Rejoining the realm…

Still unreachable

The connection could not be restored.

Session expired

The server has moved on; the page needs a fresh start.